 Dungeon Crawl Stone Soup version 0.30-a0-1074-g5db6f66fbb (webtiles) character file.

Game seed: 1076064726482936113

1668 CryoSword the Merchant of Misery (level 8, -9/60 HPs)
             Began as a Mummy Necromancer on Apr 14, 2023.
             Was a Believer of Kikubaaqudgha.
             Mangled by a wight
             ... wielding a +4 short sword
              (15 damage)
             ... on level 6 of the Dungeon.
             The game lasted 00:12:44 (6972 turns).

CryoSword the Merchant of Misery (MuNe)             Turns: 6972, Time: 00:12:45

Health: -9/60      AC:  7    Str: 14    XL:     8   Next: 69%
Magic:  12/12      EV: 12    Int: 14    God:    Kikubaaqudgha [**....]
Gold:   322        SH:  0    Dex: 12    Spells: 5/13 levels left

rFire   . . .      SeeInvis .    l - +3 quarterstaff (chaos)
rCold   + + .      Faith    +    (shield currently unavailable)
rNeg    + + +      Spirit   .    a - +0 robe
rPois   ∞          Reflect  .    i - +1 helmet
rElec   .          Rampage  .    k - +1 cloak
rCorr   .                        (no gloves)
Will    +....                    f - +0 pair of boots
Stlth   ++                       (no amulet)
HPRegen 0.30/turn                g - ring of protection from fire {=R}
MPRegen 0.13/turn                t - ring of protection from cold

@: no status effects
A: cold resistance 1, negative energy resistance 3, torment resistance 2, heat
vulnerability 1, in touch with death 1, no potions, faith
a: Renounce Religion, Unearth Wretches


You were on level 6 of the Dungeon.
You worshipped Kikubaaqudgha.
Kikubaaqudgha was pleased with you.
You visited 1 branch of the dungeon, and saw 7 of its levels.

You collected 322 gold pieces.

Inventory:

Hand Weapons
 e - a +2 morningstar
   (You took it off Blork the orc on level 4 of the Dungeon)
 l - a +3 quarterstaff of chaos (weapon)
   (You took it off Crazy Yiuf on level 2 of the Dungeon)
Missiles
 d - 3 throwing nets
 m - 23 poisoned darts (quivered)
Armour
 a - a +0 robe (worn)
 f - a +0 pair of boots (worn)
   (You found it on level 5 of the Dungeon)
 i - a +1 helmet (worn)
   (You took it off Robin on level 3 of the Dungeon)
 k - a +1 cloak (worn)
   (You took it off Crazy Yiuf on level 2 of the Dungeon)
Jewellery
 g - a ring of protection from fire (left hand) {=R}
   (You found it on level 2 of the Dungeon)
 t - a ring of protection from cold (right hand)
   (You found it on level 6 of the Dungeon)
Wands
 o - a wand of light (5)
   (You took it off Ijyb on level 4 of the Dungeon)
 q - a wand of roots (5)
   (You took it off a centaur on level 5 of the Dungeon)
 r - a wand of paralysis (8)
   (You found it on level 6 of the Dungeon)
Scrolls
 b - a scroll of summoning
 c - a scroll of vulnerability {!r}
 h - 2 scrolls of poison
 j - 4 scrolls of teleportation {@r4}
 n - 3 scrolls of immolation {!r}
 p - 2 scrolls of fear
 s - 3 scrolls of identify {@r1}


   Skills:
 + Level 4.2 Fighting
 * Level 4.7(4.8) Maces & Flails
 - Level 0.6(3.0) Staves
 - Level 0.9 Armour
 - Level 1.8 Dodging
 - Level 1.8 Stealth
 - Level 3.0 Spellcasting
 + Level 8.4 Necromancy
 - Level 1.8 Evocations


You had 5 spell levels left.
You knew the following spells:

 Your Spells              Type           Power      Damage    Failure   Level
a - Necrotise             Necr           100%       1d9       1%          1
b - Vampiric Draining     Necr           38%        2d8       1%          3
z - Animate Dead          Necr           38%        N/A       7%          4

Your spell library contained the following spells:

 Spells                   Type           Power      Damage    Failure   Level
 Kiss of Death            Conj/Necr      80%        2d11      3%          1
 Cigotuvi's Dreadful Rot  Necr/Pois/Air  28%        N/A       11%         2
 Agony                    Necr           38%        N/A       19%         5
 Poisonous Vapours        Pois/Air       4%         N/A       32%         2
 Scorch                   Fire           4%         2d5       32%         2
 Mephitic Cloud           Conj/Pois/Air  2%         N/A       54%         3
 Portal Projectile        Hex/Tloc       4%         N/A       54%         3
 Tukima's Dance           Hex            2%         N/A       54%         3
 Flame Wave               Conj/Fire      2%         2d4       91%         4
 Petrify                  Tmut/Erth      2%         N/A       91%         4
 Freezing Cloud           Conj/Ice/Air   1%         6-21      99%         5
 Irradiate                Conj/Tmut      1%         3d12      99%         5
 Summon Cactus Giant      Summ           1%         N/A       100%        6
 Sublimation of Blood     Necr           Unusable   N/A       N/A         2
 Blade Hands              Tmut           Unusable   N/A       N/A         5

Dungeon Overview and Level Annotations

Branches:
Dungeon (7/15)
 Temple: D:4-7

Altars:
Kikubaaqudgha
Makhleb
Okawaru
Vehumet
Yredelemnul

Annotations:
D:4 1 runed translucent door, Odexios's ghost, amateur OpTm
D:5 1 runed translucent door


Innate Abilities, Weirdness & Mutations

You are immune to poison.
Your flesh is cold resistant. (rC+)
You are immune to negative energy. (rN+++)
You are immune to unholy pain and torment.
You are vulnerable to heat. (rF-)
You are in touch with the powers of death.
You do not drink.
You have a special connection with the divine. (Faith)


Message History

You swap places.
p - 2 scrolls of fear (gained 1)
You swap places.
You swap places.
Key pressed, stopping explore.
You see here a +0 whip.
m - 21 poisoned darts (gained 7)
There is an open door, spattered with blood here.
Things that are here:
a +0 dagger; a +0 whip You swap places.
You see here a +0 whip.
You swap places.
You swap places.
You swap places.
Key pressed, stopping explore.
You swap places.
Found a club.
m - 23 poisoned darts (gained 2)
An adder comes into view.
An adder is nearby!
An adder is nearby!
An adder is nearby!
An adder is nearby!
An adder comes into view.
The adder hisses angrily.
The adder barely misses you.
You closely miss the adder. The adder closely misses you.
You sock the adder!
You kill the adder!
Kikubaaqudgha accepts your kill. The adder closely misses you.
You miss the adder. The adder misses you.
You sock the adder!
You kill the adder!
Kikubaaqudgha accepts your kill.
No target in view!
No target in view!
You see here an adder corpse.
You swap places.
You swap places.
You swap places.
You swap places.
You swap places.
There is an open door here.
You see here a +0 leather armour.
Key pressed, stopping explore.
You swap places.
You see here a +0 leather armour.
You swap places.
You swap places.
You swap places.
You swap places.
There is an open door here.
You see here an adder corpse.
Key pressed, stopping explore.
You see here a +0 leather armour.
Key pressed, stopping explore.
Found an amethyst potion.
You see here an amethyst potion.
You now have 303 gold pieces (gained 19).
Done exploring.
Done exploring.
Done exploring.
Done exploring.
You swap places.
You swap places.
You swap places.
You swap places.
You swap places.
You swap places.
You see here an amethyst potion.
You see here a +0 leather armour.
There is a stone staircase leading down here.
Okay, then.
Okay, then.
Search for what [Enter for "armor", or ? for help]?
Okay, then.
Okay, then.
You climb downwards.
Your mindless puppet stays behind to rot.
Found a scroll of identify.
There is a stone staircase leading up here.
s - 2 scrolls of identify {@r1} (gained 1)
Found a smoky grey potion.
Found a war axe.
You see here a +0 war axe.
Could not explore, unopened door.
Could not explore, unopened door.
Could not explore, unopened door.
As you open the door, it creaks loudly!
There is an open door here.
Found a war axe.
Found a stone staircase leading down.
j - 4 scrolls of teleportation {@r4} (gained 1)
Found 5 stones.
You now have 313 gold pieces (gained 10).
s - 3 scrolls of identify {@r1} (gained 1)
You see here 5 stones.
Found a ring mail.
Found an escape hatch in the ceiling.
A water moccasin comes into view.
There is an escape hatch in the ceiling here.
A water moccasin is nearby!
A water moccasin is nearby!
Found 9 gold pieces.
The water moccasin bites you.
You barely miss the water moccasin. The water moccasin bites you.
You sock the water moccasin!
You feel better.
The water moccasin bites you but does no damage.
The water moccasin misses you.
You thump the water moccasin! You freeze the water moccasin.
You kill the water moccasin!
Kikubaaqudgha accepts your kill.
You see here a water moccasin corpse.
You now have 322 gold pieces (gained 9).
Found 4 stones.
A wight comes into view. It is wielding a +4 short sword.
A wight is nearby!
A wight is nearby!
A wight is nearby!
A wight comes into view.
It is wielding a +1 battleaxe of freezing.
You see here a water moccasin corpse.
You see here 5 stones.
There is a stone staircase leading up here.
The wight barely misses you.
You climb upwards.
There is a stone staircase leading down here.
You hit the wight but do no damage.
The wight hits you with a +4 short sword!
You hit the wight.
The wight seems to grow stronger.
The wight barely misses you.
You closely miss the wight.
The wight hits you with a +4 short sword!
You closely miss the wight.
The wight hits you with a +4 short sword!
* * * LOW HITPOINT WARNING * * *
The wight barely misses you.
You hit the wight but do no damage.
The wight suddenly seems more agile.
The wight misses you.
You sock the wight!
The wight convulses.
The wight misses you.
You hit the wight. You burn the wight.
The wight hits you with a +4 short sword!
* * * LOW HITPOINT WARNING * * *
You miss the wight. The wight barely misses you.
You barely miss the wight.
The wight hits you with a +4 short sword!
* * * LOW HITPOINT WARNING * * *
You barely miss the wight.
The wight hits you with a +4 short sword!
You die...
Kikubaaqudgha rasps: "You have failed me!
Welcome... oblivion!"

#.#...#.# #.#.#.#Z# #.#<#.#Z#
#.###.#.# #.#.....#
#.#.#Z######## #[#.#.Z.ZZ.Z.#
################z#.#..#####Z#
ZZ..............@#.#..# #Z#
################.#.#..# #.#
#.#.#### #Z# #.#.########Z#
#.#.......ZZZ#
######'############ #.......#
#.......# #.......#


You could see a wight (strong, agile).

Vanquished Creatures
  Eustachio (D:5)
  A water moccasin (D:7)
  2 orc warriors (D:6)
  An ogre (D:6)
  A centaur (D:5)
  Blork the orc (D:4)
  A kobold brigand (D:6)
  A bullfrog (D:6)
  A howler monkey (D:3)
  A jelly (D:6)
  3 hounds
  Crazy Yiuf (D:2)
  4 orc priests
  A sleepcap (D:6)
  Ijyb (D:4)
  Terence (D:2)
  An iguana (D:5)
  6 orc wizards
  Robin (D:3)
  3 gnolls (D:3)
  10 adders
  A shadow imp (D:6)
  An ufetubus (D:4)
  A worm (D:2)
  2 dart slugs
  28 orcs
  5 ball pythons
  4 bats
  5 endoplasms
  5 giant cockroaches
  11 goblins
  10 hobgoblins
  2 jackals (D:2)
  2 frilled lizards (D:2)
  A jackal zombie (D:5)
  4 kobolds
  4 rats
129 creatures vanquished.

Vanquished Creatures (collateral kills)
  An iguana (D:6)
  A gnoll (D:3)
  An orc (D:5)
  2 goblins
  A hobgoblin (D:1)
  A ball python (D:1)
  A bat (D:2)
  2 kobolds (D:6)
10 creatures vanquished.

Vanquished Creatures (others)
  A jelly zombie (D:6)
  7 goblin zombies (D:3)
  4 hobgoblin zombies (D:3)
  12 fungi (D:5)
  A plant (D:2)
25 creatures vanquished.

Grand Total: 164 creatures vanquished

Notes
Turn   | Place    | Note
-------+----------+-------------------------------------------
     0 | D:1      | CryoSword the Mummy Necromancer began the quest for the
                  | Orb.
     0 | D:1      | Reached XP level 1. HP: 13/13 MP: 4/4
   124 | D:1      | Reached XP level 2. HP: 19/19 MP: 2/5
   816 | D:2      | Reached skill level 5 in Necromancy
   816 | D:2      | Gained mutation: You are in touch with the powers of death.
                  | [Mummy growth]
   816 | D:2      | Reached XP level 3. HP: 24/24 MP: 2/7
  1188 | D:2      | Noticed Terence
  1194 | D:2      | Killed Terence
  1195 | D:2      | Reached XP level 4. HP: 26/30 MP: 3/8
  1258 | D:2      | Learned a level 3 spell: Vampiric Draining
  1263 | D:2      | Learned a level 4 spell: Animate Dead
  1431 | D:2      | Found a runed translucent door.
  1432 | D:2      | Noticed Crazy Yiuf
  1558 | D:2      | Reached skill level 6 in Necromancy
  1711 | D:2      | Found a faded altar of an unknown god.
  1803 | D:2      | Killed Crazy Yiuf
  2032 | D:3      | Noticed Robin
  2038 | D:3      | Reached XP level 5. HP: 31/35 MP: 4/9
  2058 | D:3      | Killed Robin
  2142 | D:3      | Your ally Robin died
  2264 | D:3      | Reached skill level 7 in Necromancy
  2578 | D:3      | Found an ancient bone altar of Kikubaaqudgha.
  2606 | D:3      | Became a worshipper of Kikubaaqudgha
  2641 | D:3      | Found a burning altar of Makhleb.
  3444 | D:4      | Found a runed translucent door.
  3444 | D:4      | Noticed Odexios's ghost (amateur OpTm)
  3493 | D:4      | Noticed Ijyb
  3497 | D:4      | Killed Ijyb
  3498 | D:4      | Reached XP level 6. HP: 37/41 MP: 3/10
  3617 | D:4      | Noticed Blork the orc
  3623 | D:4      | Killed Blork the orc
  3951 | D:4      | Reached skill level 1 in Fighting
  4205 | D:4      | Reached * piety under Kikubaaqudgha
  4205 | D:4      | Received a gift from Kikubaaqudgha
  4462 | D:5      | Entered Level 5 of the Dungeon
  4467 | D:5      | Noticed Eustachio
  4540 | D:4      | Reached skill level 1 in Maces & Flails
  4677 | D:5      | Reached XP level 7. HP: 48/48 MP: 1/11
  4806 | D:5      | Found an iron altar of Okawaru.
  5079 | D:5      | Found a runed translucent door.
  5079 | D:5      | Noticed a human
  5083 | D:5      | Found a basalt altar of Yredelemnul.
  5359 | D:5      | Found a radiant altar of Vehumet.
  5403 | D:5      | Killed Eustachio
  5690 | D:6      | Reached skill level 1 in Evocations
  5690 | D:6      | Reached XP level 8. HP: 32/58 MP: 3/12
  5797 | D:6      | Reached skill level 8 in Necromancy
  6147 | D:6      | Reached ** piety under Kikubaaqudgha
  6972 | D:6      | Mangled by a wight

Illustrated notes

Levels and vault maps discovered:
D:1:      dreamdust_arrival_sigmund_warning, layout_rooms, chequers_jeans,
          chequers_decorated_corner
D:2:      layout_loops_cross, chequers_ecumenical_altar_lobes, uniq_terence,
          uniq_crazy_yiuf_cottage
D:3:      layout_basic, mainiacjoe_overflow_catwalk,
          gammafunk_temple_overflow_pools, serial_bayou, serial_bayou_pond_c,
          serial_bayou_shore_a, serial_bayou_pond_a, serial_bayou_lagoon_a,
          uniq_robin
D:4:      layout_gridville, hellmonk_ghost_happy_afterlife, uniq_ijyb,
          uniq_blork_the_orc
D:5:      layout_cave_pools, mainiacjoe_overflow_tiny_flanked,
          dk_yredelemnul_ordeal, mainiacjoe_overflow_cross_hatched,
          uniq_eustachio
D:6:      layout_basic, serial_glass, glass_columns_c, glass_columns_a,
          glass_columns_a, glass_columns_a, glass_columns_a, glass_columns_a,
          kennysheep_small_circle
D:7:      layout_basic, temple_green, serial_co_window_serial,
          co_window_of_opportunity_a, co_window_corner_a, co_window_corner_a,
          co_window_of_opportunity_a, co_window_corner_a, co_window_paths_b,
          co_window_broadway_a, co_window_broadway_a,
          co_window_of_opportunity_c, co_window_corner_ca, co_window_corner_b,
          co_window_of_opportunity_c, glass_columns_a, glass_columns_a,
          minmay_bent

Skill      XL: |  1  2  3  4  5  6  7  8 |
---------------+-------------------------+-----
Necromancy     | 5 6 7 8 |  8.4
Spellcasting   | 3 |  3.0
Fighting       | 1 3 4 |  4.2
Maces & Flails | 1 3 4 |  4.7
Evocations     | 1 |  1.8
Staves         | |  0.6
Armour         | |  0.9
Dodging        | |  1.8
Stealth        | |  1.8

Action                     |  1- 3 |  4- 6 |  7- 9 || total
---------------------------+-------+-------+-------++-------
  Melee: Hand axe          |    13 |     9 |       ||    22
         Quarterstaff      |       |    69 |   113 ||   182
   Cast: Necrotise         |    53 |    34 |    11 ||    98
         Vampiric Draining |       |    25 |    28 ||    53
         Animate Dead      |       |     1 |     2 ||     3
    Use: Scroll            |       |     6 |     5 ||    11
   Stab: Sleeping          |       |     4 |     1 ||     5
         Distracted        |       |     1 |       ||     1
 Armour: Robe              |     3 |    29 |    50 ||    82
  Dodge: Dodged            |    15 |    54 |    88 ||   157

Table legend: (Time is in decaauts)
 A = Elapsed time spent in this place.
 B = Non-inter-level travel time spent in this place.
 C = Inter-level travel time spent in this place.
 D = Time resting spent in this place.
 E = Time spent auto-exploring this place.
 F = Levels seen in this place.
 G = Mean time per level.
                   A        B        C        D        E       F      G
               +--------+--------+--------+--------+--------+-----+--------+
         Total |   7133 |   6889 |    244 |    674 |   4999 |   7 | 1019.0 |
       Dungeon |   7133 |   6889 |    244 |    674 |   4999 |   7 | 1019.0 |
               +--------+--------+--------+--------+--------+-----+--------+

Top non-repeatable levels by time:
     D:3: 1522 daAuts
     D:4: 1312 daAuts
     D:2: 1267 daAuts
     D:6: 1264 daAuts
     D:5: 879 daAuts
     D:1: 666 daAuts
     D:7: 220 daAuts
